 Dungeon Crawl Stone Soup version 0.30-a0-459-g9104f0fc43 (webtiles) character file.

Game seed: 1211291641619151225

539 Strat the Chopper (level 7, -3/48 (63) HPs)
             Began as a Meteoran Reaver on Dec 15, 2022.
             Was a Follower of Makhleb.
             Slain by a meliai (shapeshifter)
             ... wielding a +0 flail
              (9 damage)
             ... on level 5 of the Dungeon.
             The game lasted 00:09:13 (1744 turns).

Strat the Chopper (Meteoran Reaver)                 Turns: 1744, Time: 00:09:14

HP:   -3/48 (63)    AC:  4    Str: 16    XL:     7   Next: 81%
MP:   11/12         EV: 12    Int: 15    God:    Makhleb [*.....]
Gold: 147           SH:  0    Dex: 12    Spells: 8/11 levels left

rFire   . . .      SeeInvis .    a - +0 hand axe (chaos)
rCold   . . .      Faith    .    (no shield)
rNeg    + . .      Spirit   .    b - +0 leather armour
rPois   +          Reflect  .    (no helmet)
rElec   .          Harm     .    (no cloak)
rCorr   .          Rampage  .    (no gloves)
Will    .....                    n - +0 pair of boots
Stlth   +.........               l - amulet of magic regeneration
HPRegen 0.28/turn                d - ring of poison resistance
MPRegen 0.53/turn                p - ring of positive energy

@: very slightly contaminated, glowing, heavily drained
A: sense surroundings 1, otherworldly, glowing, explore regen
a: Renounce Religion


You were on level 5 of the Dungeon.
You worshipped Makhleb.
Makhleb was aware of your devotion.
You visited 1 branch of the dungeon, and saw 5 of its levels.

You collected 147 gold pieces.

Inventory:

Hand Weapons
 a - a +0 hand axe of chaos (weapon)
Missiles
 q - 2 curare-tipped darts
Armour
 b - a +0 leather armour (worn)
 i - a +2 chain mail of fire resistance
 m - a +0 ring mail
 n - a +0 pair of boots (worn)
Jewellery
 d - a ring of poison resistance (left hand)
 l - an amulet of magic regeneration (around neck)
 p - a ring of positive energy (right hand)
Scrolls
 g - a scroll of immolation {unknown}
 k - a scroll of identify
Potions
 c - a potion of haste {unknown}
 e - 3 potions of curing
 f - 3 potions of cancellation
 h - 2 potions of attraction {unknown}
 o - 2 potions of brilliance {unknown}


   Skills:
 - Level 6.0 Fighting
 + Level 6.7 Axes
 + Level 2.8 Armour
 - Level 2.4 Dodging
 - Level 2.7 Spellcasting
 - Level 3.6 Conjurations


You had 8 spell levels left.
You knew the following spells:

 Your Spells              Type           Power      Damage    Failure   Level
a - Kiss of Death         Conj/Necr      28%        2d7       12%         1
b - Momentum Strike       Conj/Tloc      14%        3d8       17%         2

Your spell library contained the following spells:

 Spells                   Type           Power      Damage    Failure   Level
 Hailstorm                Conj/Ice       7%         3d4       34%         3
 Animate Dead             Necr           2%         N/A       94%         4
 Alistair's Intoxication  Tmut/Pois      1%         N/A       100%        5
 Borgnjor's Vile Clutch   Necr/Erth      1%         N/A       100%        5
 Eringya's Noxious Bog    Tmut/Pois      1%         N/A       100%        6
 Haunt                    Necr/Summ      1%         N/A       100%        7
 Infestation              Necr           1%         N/A       100%        8


Dungeon Overview and Level Annotations

Branches:
Dungeon (5/15) Zot: 1243
 Temple: D:4-7

Altars:
Kikubaaqudgha
Makhleb
Okawaru
Xom


Innate Abilities, Weirdness & Mutations

You passively map a small area around you.
You are easily found by Zot.
You glow in the dark.
You regain HP and MP as you explore.


Message History

The basilisk gazes at you. You resist with some effort.
You slash the basilisk! You burn the basilisk.
The basilisk is moderately wounded.
The basilisk changes into a meliai!
You miss the meliai.
The meliai is lightly wounded.
The meliai picks up a +0 flail.
The meliai wields a +0 flail.
The meliai hits you with a +0 flail.
* * * LOW HITPOINT WARNING * * *
The meliai closely misses you. The gnoll completely misses you.
You hit the meliai but do no damage.
The meliai is poisoned.
The meliai is lightly wounded.
The gnoll barely misses you. The meliai hits you with a +0 flail.
* * * LOW HITPOINT WARNING * * *
The meliai closely misses you.
You miss the meliai.
The meliai is lightly wounded.
The meliai hits you with a +0 flail!
* * * LOW HITPOINT WARNING * * *
The meliai stings you!
* * * LOW HITPOINT WARNING * * *
The gnoll closely misses you.
You feel much better. The meliai hits you with a +0 flail!
* * * LOW HITPOINT WARNING * * *
The meliai stings you but does no damage.
The meliai misses you. x2
The gnoll hits you from afar with a +3 halberd.
* * * LOW HITPOINT WARNING * * *
Casting: Kiss of Death (safe; 12% risk of failure)
Confirm with . or Enter, or press ? or * to list all spells.
Aiming: Kiss of Death (safe; 12% risk of failure)
Press: ? - help, Shift-Dir - straight line, f - meliai
Aim: a meliai shaped shifter, wielding a +0 flail (moderately wounded, very poisoned, 100% to hit)
You miscast Kiss of Death.
You are very lightly contaminated with residual magic.
Nothing appears to happen.
The meliai hits you with a +0 flail!
* * * LOW HITPOINT WARNING * * *
The meliai stings you!
You die...

** , ..#...## , * *
*, *#......## # *
#.......## ,
#.###........### *
#............... *
#.........# , *,
#.......#* *
############.....##
* *
.........@yg.....#
*
################.#
,# , #.# .##
#.###...#**
#r....#, , *
#######..##...^#*
#............#.#
#g#####....#..~ #.#
.....# .


You could see a meliai shaped shifter (very poisoned) and a gnoll.

Vanquished Creatures
  Grinder (D:4)
  Edmund (D:4)
  A scorpion (D:5)
  A howler monkey (D:5)
  Terence (D:3)
  4 adders
  A river rat (D:5)
  An ufetubus (D:4)
  2 dart slugs (D:2)
  3 orcs
  6 ball pythons
  3 bats
  3 endoplasms
  4 giant cockroaches
  A goblin (D:2)
  10 hobgoblins
  2 jackals (D:1)
  4 kobolds
  3 quokkas
  3 frilled lizards
  3 rats
58 creatures vanquished.

Notes
Turn   | Place    | Note
-------+----------+-------------------------------------------
     0 | D:1      | Strat the Meteoran Reaver began the quest for the Orb.
     0 | D:1      | Reached XP level 1. HP: 17/17 MP: 5/5
   179 | D:1      | Reached XP level 2. HP: 24/24 MP: 6/6
   281 | D:1      | Learned a level 2 spell: Momentum Strike
   412 | D:1      | Reached XP level 3. HP: 29/29 MP: 8/8
   608 | D:2      | Reached skill level 5 in Axes
   723 | D:2      | Reached XP level 4. HP: 11/36 MP: 9/9
   989 | D:3      | Found a faded altar of an unknown god.
   995 | D:3      | Prayed at the altar of an unknown god.
   995 | D:3      | Became a worshipper of Makhleb the Destroyer
   995 | D:3      | Reached * piety under Makhleb
  1098 | D:3      | Found an ancient bone altar of Kikubaaqudgha.
  1122 | D:3      | Noticed Terence
  1138 | D:3      | Killed Terence
  1139 | D:3      | Reached XP level 5. HP: 17/41 MP: 8/10
  1199 | D:3      | Found an iron altar of Okawaru.
  1200 | D:3      | Found a shimmering altar of Xom.
  1394 | D:4      | Noticed Grinder
  1402 | D:4      | Paralysed by Grinder for 4 turns
  1474 | D:4      | Killed Grinder
  1475 | D:4      | Reached skill level 5 in Fighting
  1475 | D:4      | Reached XP level 6. HP: 39/57 MP: 11/11
  1475 | D:4      | Reached XP level 7. HP: 43/62 MP: 12/12
  1492 | D:4      | Noticed Edmund
  1520 | D:4      | Killed Edmund
  1521 | D:4      | Reached skill level 1 in Armour
  1695 | D:5      | Entered Level 5 of the Dungeon
  1737 | D:5      | a gnoll changed into a shapeshifter
  1737 | D:5      | Noticed a shapeshifter (shapeshifter)
  1737 | D:5      | a shapeshifter changed into a basilisk
  1737 | D:5      | Noticed a basilisk (shapeshifter)
  1739 | D:5      | a basilisk changed into a meliai
  1739 | D:5      | Noticed a meliai (shapeshifter)
  1744 | D:5      | Slain by a meliai (shapeshifter)

Illustrated notes

Levels and vault maps discovered:
D:1:      sevenhm_arrival_forest_fort_small_4, layout_loops_ring
D:2:      layout_loops_ring, serial_rivers, chequers_serial_rivers_room_b,
          chequers_serial_rivers_small_b, chequers_serial_rivers_marsh,
          chequers_serial_rivers_small_b, chequers_serial_rivers_micro_b,
          minivault_5, minivault_23
D:3:      layout_basic, nicolae_overflow_hidden_temple,
          mainiacjoe_overflow_chevrons, ebering_ecumenical_altar_mist,
          uniq_terence
D:4:      layout_cave_pools, uniq_grinder, uniq_edmund
D:5:      layout_loops_ring, nicolae_qazlal_general_emergency,
          minmay_temple_entry_statues_pillars, cheibrodos_sewer_entry_sluice

Skill      XL: |  1  2  3  4  5  6  7 |
---------------+----------------------+-----
Axes           | 4 5 6 |  6.7
Fighting       | 3 5 6 |  6.0
Armour         | 2 |  2.8
Dodging        | |  2.4
Spellcasting   | |  2.7
Conjurations   | |  3.6

Action                   |  1- 3 |  4- 6 |  7- 9 || total
-------------------------+-------+-------+-------++-------
Melee: Hand axe          |    91 |   131 |    35 ||   257
       Punch             |     1 |     1 |       ||     2
 Cast: Kiss of Death     |       |     1 |     4 ||     5
  Use: Scroll            |       |     8 |       ||     8
       Potion            |       |     2 |     2 ||     4
Armor: Leather armour    |    40 |    33 |     6 ||    79
Dodge: Dodged            |    52 |    53 |    28 ||   133

Table legend: (Time is in decaauts)
 A = Elapsed time spent in this place.
 B = Non-inter-level travel time spent in this place.
 C = Inter-level travel time spent in this place.
 D = Time resting spent in this place.
 E = Time spent auto-exploring this place.
 F = Levels seen in this place.
 G = Mean time per level.
                   A        B        C        D        E       F      G
               +--------+--------+--------+--------+--------+-----+--------+
         Total |   1755 |   1684 |     71 |      0 |      0 |   5 |  351.0 |
       Dungeon |   1755 |   1684 |     71 |      0 |      0 |   5 |  351.0 |
               +--------+--------+--------+--------+--------+-----+--------+

Top non-repeatable levels by time:
     D:1: 487 daAuts
     D:2: 430 daAuts
     D:3: 425 daAuts
     D:4: 363 daAuts
     D:5: 48 daAuts
